 Dungeon Crawl Stone Soup version 0.29-a0-757-g358383bc75 (webtiles) character file.

Game seed: 11260770974246275301

81 omnomnOMINOUS the Trooper (level 4, 0/31 HPs)
             Began as an Octopode Wanderer on June 29, 2022.
             Killed by nerve-wracking pain
             ... invoked by Grinder
              (10 damage)
             ... on level 3 of the Dungeon on June 30, 2022.
             The game lasted 00:05:47 (1998 turns).

omnomnOMINOUS the Trooper (Octopode Wanderer)       Turns: 1998, Time: 00:05:49

Health: 0/31       AC:  1    Str: 17    XL:     4   Next: 42%
Magic:  4/7        EV: 13    Int: 17    God:
Gold:   95         SH:  0    Dex: 10    Spells: 4/7 levels left

rFire   . . .      SeeInvis .   a - +3 short sword
rCold   . . .      Faith    .   (no shield)
rNeg    . . .      Spirit   .   (helmet restricted)
rPois   +          Reflect  .   (no amulet)
rElec   .          Harm     .   d - +6 ring of strength
rCorr   .          Rampage  .   m - ring of poison resistance
Will    .....                   (no ring)
Stlth   ++........              (no ring)
HPRegen 0.10/turn               (no ring)
MPRegen 0.10/turn               (no ring)
                                (no ring)
                                (no ring)

@: brilliant, invisible
A: almost no armour, amphibious, 8 rings, camouflage 1, gelatinous body 1,
(nimble swimmer 1), tentacles
a: no special abilities


You were on level 3 of the Dungeon.
You visited 1 branch of the dungeon, and saw 3 of its levels.

You collected 95 gold pieces.

Inventory:

Hand Weapons
 a - a +3 short sword (weapon)
Jewellery
 d - a +6 ring of strength (left tentacle)
 m - a ring of poison resistance (right tentacle)
Scrolls
 b - a scroll of fog
 e - a scroll of torment {unknown}
 h - a scroll of identify {unknown}
 k - a scroll of silence {unknown}
 l - a scroll of teleportation {unknown}
Potions
 i - a potion of cancellation {unknown}
 j - a potion of flight {unknown}


   Skills:
 + Level 3.5 Fighting
 - Level 2.0 Short Blades
 + Level 1.6 Dodging
 - Level 1.3 Stealth
 - Level 2.0 Spellcasting
 + Level 1.8 Conjurations
 - Level 3.0 Fire Magic


You had 4 spell levels left.
You knew the following spells:

 Your Spells              Type           Power      Damage    Failure   Level
a - Foxfire               Conj/Fire      56%        2x1d6     7%          1
b - Scorch                Fire           34%        2d7       9%          2

Your spell library contained the following spells:

 Spells                   Type           Power      Damage    Failure   Level
 Conjure Flame            Conj/Fire      14%        6-21      22%         3
 Ensorcelled Hibernation  Hex/Ice        4%         N/A       28%         2
 Passwall                 Tmut/Erth      1%         N/A       28%         2
 Inner Flame              Hex/Fire       10%        N/A       30%         3
 Swiftness                Air            2%         N/A       50%         3
 Cause Fear               Hex            1%         N/A       88%         4
 Discord                  Hex            1%         N/A       100%        8


Dungeon Overview and Level Annotations

Branches:
Dungeon (3/15)

Altars:
Xom

Shops:
D:1 !

Annotations:
D:3 Grinder


Innate Abilities, Weirdness & Mutations

You cannot wear most types of armour.
You are amphibious.
You can wear up to eight rings at the same time.
Your skin changes colour to match your surroundings (Stealth+).
Your rubbery body absorbs attacks. (AC +1, EV +1)
((You are camouflaged when in or above water. (Stealth+)))
You have tentacles for arms and can constrict up to eight enemies at once.


Message History

You miss the quokka. Your grab misses the quokka.
Your squeeze misses the quokka.
The quokka is heavily wounded.
The quokka closely misses you.
Grinder drinks a potion.
Grinder seems to grow stronger.
Unknown command.
Casting: Foxfire (safe; 7% risk of failure)
Confirm with . or Enter, or press ? or * to list all spells.
You feel a surge of power!
You conjure some foxfire!
The quokka bites you. The quokka barely misses you.
Unknown command.
It was a potion of invisibility.
You fade into invisibility!
The foxfire hits Grinder.
Grinder is lightly wounded.
The foxfire hits Grinder but does no damage.
Grinder is lightly wounded.
Grinder hits you but does no damage. The quokka barely misses you.
You barely miss Grinder. Your grab misses Grinder.
Grinder is lightly wounded.
Grinder hits you.
You writhe in agony.
The quokka misses you.
You barely miss the quokka. You grab the quokka.
The quokka is heavily wounded.
You constrict the quokka, but do no damage.
The quokka misses you.
You hit Grinder. Your grab misses Grinder.
Grinder is lightly wounded.
You constrict the quokka. The quokka misses you. Grinder completely misses you.
You hit Grinder but do no damage. You grab Grinder.
Grinder is lightly wounded.
You constrict Grinder. You constrict the quokka.
The quokka struggles to escape constriction.
Grinder hits you.
You writhe in agony.
The quokka escapes!
You hit Grinder. You squeeze Grinder!
Grinder is heavily wounded.
You constrict Grinder. Grinder gestures at you. Pain shoots through your body!
You die...
Xom howls with laughter!

#.#####.#####.#
######
#.............#
.....
#...###.#######
##...
#............#
#.##
#...#..8..#..##
#
#...##...##...#
##..#######..)#
#..# #)))####
#..# #..)@.<#
#...
........5r....#
..##
#.###.####.###..
.. #.# .# #.# #
..# #


You could see Grinder (strong, unable to see you) and a quokka (unable to see
you).

Vanquished Creatures
  Robin (D:3)
  2 worms (D:2)
  2 dart slugs (D:1)
  4 ball pythons
  2 bats (D:1)
  An endoplasm (D:2)
  2 giant cockroaches
  13 goblins
  6 hobgoblins
  2 jackals (D:2)
  A quokka (D:1)
  3 frilled lizards
  7 kobolds
  8 rats
54 creatures vanquished.

Vanquished Creatures (others)
  5 foxfires
5 creatures vanquished.

Grand Total: 59 creatures vanquished

Notes
Turn   | Place    | Note
-------+----------+-------------------------------------------
     0 | D:1      | omnomnOMINOUS the Octopode Wanderer began the quest for the
                  | Orb.
     0 | D:1      | omnomnOMINOUS set off with the following items: a +1 short
                  | sword, a scroll of fog; and the following spell memorised:
                  | Foxfire; and the following spells available to memorise:
                  | Scorch, Conjure Flame.
     0 | D:1      | Reached XP level 1. HP: 16/16 MP: 2/2
   173 | D:1      | Reached XP level 2. HP: 21/21 MP: 3/3
   206 | D:1      | Upgraded the game from 0.29-a0-730-g5686a2c4f1 to
                  | 0.29-a0-757-g358383bc75
   210 | D:1      | Learned a level 2 spell: Scorch
   263 | D:1      | Reached skill level 1 in Conjurations
   502 | D:1      | Found Juasad's Distillery.
   692 | D:1      | Found a faded altar of an unknown god.
   702 | D:1      | Reached skill level 1 in Dodging
   704 | D:1      | Reached XP level 3. HP: 26/26 MP: 5/5
   724 | D:1      | Prayed at the altar of an unknown god.
   724 | D:1      | Became a worshipper of Xom of Chaos
   725 | D:1      | Fell from the grace of Xom
  1798 | D:2      | XOM: noise
  1911 | D:3      | Reached XP level 4. HP: 31/31 MP: 6/6
  1976 | D:3      | Noticed Robin
  1979 | D:3      | Noticed Grinder
  1985 | D:3      | Killed Robin
  1998 | D:3      | Killed from afar by Grinder

Illustrated notes

Levels and vault maps discovered:
D:1:      minmay_arrival_four_circles, layout_loops_ring, serial_shops,
          shop_statue, shapermc_ecumenical_altar_mp_highgroup
D:2:      layout_loops_ring
D:3:      layout_loops_ring, nicolae_kikubaaqudgha_miasma_corner,
          mrwooster_statue_mirror, uniq_grinder, uniq_robin,
          uniq_crazy_yiuf_cottage

Skill      XL: |  1  2  3  4 |
---------------+-------------+-----
Conjurations   | 1 |  1.8
Dodging        | 1 |  1.6
Spellcasting   | 2 |  2.0
Fighting       | |  3.5
Short Blades   | |  2.0
Stealth        | |  1.3
Fire Magic     | |  3.0

Action                   |  1- 3 |  4- 6 || total
-------------------------+-------+-------++-------
Melee: Short sword       |    74 |    22 ||    96
       Constrict         |    11 |     6 ||    17
       Tentacles         |    11 |     4 ||    15
 Cast: Foxfire           |     1 |     3 ||     4
Invok: Renounce Religion |     1 |       ||     1
  Use: Potion            |       |     3 ||     3
 Stab: Sleeping          |    12 |       ||    12
Armor: Skin              |     2 |     2 ||     4
Dodge: Dodged            |    29 |    13 ||    42

Table legend: (Time is in decaauts)
 A = Elapsed time spent in this place.
 B = Non-inter-level travel time spent in this place.
 C = Inter-level travel time spent in this place.
 D = Time resting spent in this place.
 E = Time spent auto-exploring this place.
 F = Levels seen in this place.
 G = Mean time per level.
                   A        B        C        D        E       F      G
               +--------+--------+--------+--------+--------+-----+--------+
         Total |   2004 |   1951 |     53 |      0 |   1591 |   3 |  668.0 |
       Dungeon |   2004 |   1951 |     53 |      0 |   1591 |   3 |  668.0 |
               +--------+--------+--------+--------+--------+-----+--------+

Top non-repeatable levels by time:
     D:1: 1062 daAuts
     D:2: 808 daAuts
     D:3: 133 daAuts
